 Dungeon Crawl Stone Soup version 0.28.0 (webtiles) character file.

Game seed: 5773138685653371958

3453 browni3141 the Fighter (level 9, -1/83 HPs)
             Began as a Minotaur Berserker on Feb 10, 2022.
             Was a Priest of Trog.
             Slain by a 14-headed hydra (3 damage)
             ... on level 1 of the Lair of Beasts.
             The game lasted 00:04:52 (6426 turns).

browni3141 the Fighter (Minotaur Berserker)         Turns: 6426, Time: 00:04:52

Health: -1/83      AC: 13    Str: 26    XL:     9   Next: 78%
Magic:  8/8        EV: 13    Int:  4    God:    Trog [***...]
Gold:   273        SH:  0    Dex: 10    Spells: 8/8 levels left

rFire   . . .      SeeInvis .   r - +4 hand axe
rCold   . . .      Faith    .   (no shield)
rNeg    + . .      Spirit   .   c - +0 plate armour
rPois   .          Reflect  .   m - +0 hat
rElec   .          Harm     .   (no cloak)
rCorr   .          Rampage  .   (no gloves)
Will    ++...                   (no boots)
Stlth   ..........              (no amulet)
HPRegen 0.23/turn               w - ring of Zin's Felicitations {rN+ Will++}
MPRegen 0.11/turn               x - +4 ring of evasion

@: on berserk cooldown, slowed, very slow
A: horns 2, retaliatory headbutt
a: Renounce Religion, Berserk, Trog's Hand


You were on level 1 of the Lair of Beasts.
You worshipped Trog.
Trog was most pleased with you.
You visited 2 branches of the dungeon, and saw 9 of its levels.
You also visited: Sewer.

You collected 273 gold pieces.

Inventory:

Hand Weapons
 a - a +0 hand axe
 r - a +4 hand axe (weapon)
Missiles
 j - 2 curare-tipped darts
Armour
 b - a +0 animal skin
 c - a +0 plate armour (worn)
 m - a +0 hat (worn)
Jewellery
 w - the ring of Zin's Felicitations (left hand) {rN+ Will++}
   (You found it on level 8 of the Dungeon)

   [ring of positive energy]

   rN:        It protects you from negative energy.
   Will:      It greatly increases your willpower.
 x - a +4 ring of evasion (right hand)
 y - the amulet "Usimiqu" {Acrobat Rampage rF+ rC+}
   (You found it on level 8 of the Dungeon)

   [amulet of the acrobat]

   It increases your evasion while moving and waiting.
   rF:        It protects you from fire.
   rC:        It protects you from cold.
   Rampage:   It bestows one free step when moving towards enemies.
Wands
 e - a wand of flame (17) (quivered)
 q - a wand of acid (3)
Scrolls
 d - 7 scrolls of identify {unknown}
 f - 3 scrolls of blinking {unknown}
 g - 2 scrolls of summoning {unknown}
 h - 6 scrolls of teleportation {unknown}
 i - a scroll of amnesia {unknown}
 k - 2 scrolls of enchant armour {unknown}
 n - a scroll of fog {unknown}
 s - a scroll of immolation {unknown}
 t - a scroll of noise {unknown}
 u - a scroll of magic mapping {unknown}
 v - a scroll of fear {unknown}
Potions
 l - a potion of curing
 o - 2 potions of magic {unknown}
 p - 2 potions of heal wounds
 z - a potion of brilliance {unknown}


   Skills:
 + Level 9.2 Fighting
 + Level 9.1 Axes
 + Level 8.7 Armour
 + Level 7.9 Dodging


You had 8 spell levels left.
You didn't know any spells.
Your spell library was empty.

Dungeon Overview and Level Annotations

Branches:
Dungeon (8/15)             Temple (0/1) D:4            Lair (1/6) D:8
  Sewer (visited)

Altars:
Cheibriados
Gozag


Innate Abilities, Weirdness & Mutations

You have a pair of horns on your head.
You reflexively headbutt those who attack you in melee.


Message History

You are too injured to fight recklessly!
You are too injured to fight recklessly!
You feel a strong urge to attack something.
You feel your anger nearly subside.
You are no longer berserk.
You are exhausted.
You feel yourself slow down.
The 14-headed hydra is no longer covered in acid.
Okay, then.
Aiming: Corrosive Bolt
Press: ? - help, Shift-Dir - straight line, f/p - 14-headed hydra
Aim: a 14-headed hydra (lightly wounded, 90% to hit)
The bolt of acid hits the 14-headed hydra!
The 14-headed hydra is moderately wounded.
The spriggan is no longer covered in acid.
Unknown command.
Aiming: Corrosive Bolt
Press: ? - help, Shift-Dir - straight line, f/p - 14-headed hydra
Aim: a 14-headed hydra (moderately wounded, 90% to hit)
The bolt of acid hits the spriggan.
The acid corrodes the spriggan!
You kill the spriggan!
Trog accepts your kill.
The bolt of acid hits the 14-headed hydra!
The 14-headed hydra is moderately wounded.
Unknown command.
Aiming: Corrosive Bolt
Press: ? - help, Shift-Dir - straight line, f/p - 14-headed hydra
Aim: a 14-headed hydra (moderately wounded, 90% to hit)
The bolt of acid hits the 14-headed hydra!!
The acid corrodes the 14-headed hydra!
The 14-headed hydra is heavily wounded.
The bolt of acid hits the spriggan!
The acid corrodes the spriggan!
The spriggan is moderately wounded.
The 14-headed hydra bites you but does no damage.
The 14-headed hydra barely misses you. The 14-headed hydra bites you!
* * * LOW HITPOINT WARNING * * *
The 14-headed hydra bites you but does no damage.
The 14-headed hydra closely misses you. The 14-headed hydra misses you.
The 14-headed hydra bites you but does no damage. x2
The 14-headed hydra bites you.
You die...

♣..♣ ... ♣..
♣♣♣♣..
♣.....♣♣♣♣
♣....♣♣♣
♣♣♣♣..i♣♣♣
♣♣.Di.♣♣♣♣
♣♣♣@....♣♣♣
♣♣♣♣....♣
♣♣♣..♣♣ ♣♣).♣
♣♣♣♣..♣♣
♣....♣♣ ♣♣♣
♣♣♣...♣
♣♣♣♣♣♣..
♣...♣♣♣...♣.♣♣
♣♣......♣♣.♣♣


You could see a 14-headed hydra (corroded) and 2 spriggans.

Vanquished Creatures
  2 spriggans (Lair:1)
  Sigmund (D:2)
  A wraith (D:7)
  4 hogs (D:7)
  A human (D:7)
  A steam dragon (D:7)
  A phantom (D:7)
  5 centaurs
  5 kobold brigands
  3 bullfrogs
  A wyvern zombie (D:5)
  A gnoll sergeant (D:8)
  4 killer bees (D:8)
  A howler monkey (D:7)
  A centaur zombie (D:7)
  2 hounds (D:4)
  3 orc priests
  Terence (D:2)
  4 iguanas
  4 orc wizards
  Natasha (twice) (D:2)
  8 gnolls
  5 adders
  A shadow imp (D:6)
  A white imp (D:7)
  2 adder skeletons (D:4)
  5 worms
  9 orcs
  9 endoplasms
  5 giant cockroaches
  7 goblins
  3 hobgoblins
  4 jackals (D:1)
  4 quokkas
  9 ball pythons
  5 bats
  A frilled lizard (D:1)
  12 kobolds
  6 rats
144 creatures vanquished.

Vanquished Creatures (others)
  2 fungi
2 creatures vanquished.

Grand Total: 146 creatures vanquished

Notes
Turn   | Place    | Note
-------+----------+-------------------------------------------
     0 | D:1      | browni3141 the Minotaur Berserker began the quest for the
                  | Orb.
     0 | D:1      | Reached XP level 1. HP: 19/19 MP: 0/0
    94 | D:1      | Reached XP level 2. HP: 27/27 MP: 1/1
   333 | D:2      | Noticed Terence
   349 | D:2      | Killed Terence
   350 | D:2      | Reached XP level 3. HP: 7/33 MP: 2/2
   617 | D:2      | Noticed Natasha
   627 | D:2      | Killed Natasha
   628 | D:2      | Reached XP level 4. HP: 41/41 MP: 3/3
   670 | D:2      | Noticed Natasha
   676 | D:2      | Killed Natasha
  1086 | D:2      | Noticed Sigmund
  1097 | D:2      | Killed Sigmund
  1098 | D:2      | Reached skill level 5 in Fighting
  1098 | D:2      | Reached skill level 5 in Axes
  1098 | D:2      | Reached XP level 5. HP: 48/48 MP: 4/4
  1098 | D:2      | Reached XP level 6. HP: 56/56 MP: 5/5
  1267 | D:4      | Found a staircase to the Ecumenical Temple.
  1272 | D:4      | Reached ** piety under Trog
  1438 | D:4      | Found a glowing drain.
  1451 | Sewer    | Entered a sewer
  1932 | Sewer    | HP: 1/54 [kobold brigand/bolt (9)]
  1938 | Sewer    | Reached skill level 5 in Armour
  1938 | Sewer    | Reached XP level 7. HP: 3/62 MP: 6/6
  2996 | D:4      | Found an opulent altar of Gozag.
  3263 | D:5      | Entered Level 5 of the Dungeon
  3315 | D:5      | Reached skill level 5 in Dodging
  3779 | D:5      | Reached XP level 8. HP: 67/71 MP: 7/7
  4085 | D:7      | Reached *** piety under Trog
  4792 | D:7      | Reached XP level 9. HP: 81/81 MP: 8/8
  5321 | D:7      | Found a snail-covered altar of Cheibriados.
  5388 | D:8      | Identified the ring of Zin's Felicitations {rN+ Will++}
  5394 | D:8      | Identified the +9 morningstar "Ocylu" {vorpal, Stlth+}
  5447 | D:8      | Identified the amulet "Usimiqu" {Acrobat Rampage rF+ rC+}
  6070 | D:8      | Found a staircase to the Lair.
  6263 | Lair:1   | Entered Level 1 of the Lair of Beasts
  6407 | Lair:1   | Noticed a seven-headed hydra
  6426 | Lair:1   | HP: 2/83 [14-headed hydra (8)]
  6426 | Lair:1   | Slain by a 14-headed hydra

Illustrated notes

Levels and vault maps discovered:
D:1:      eino_arrival_cavern_b, layout_rooms,
          shapermc_ecumenical_altar_totnotflames
D:2:      layout_basic, grunt_ministairs_13, uniq_terence,
          uniq_crazy_yiuf_cottage, uniq_natasha, uniq_sigmund
D:3:      layout_basic, kennysheep_slug_shrine, nicolae_overflow_squiral,
          serial_shops, nicolae_shop_window_shopping, minmay_misc_feat_plants,
          uniq_ijyb
D:4:      layout_loops_cross, nicolae_gozag_seed_capital,
          minmay_temple_entry_large_hall, portal_sewer_entry_f
D:5:      layout_basic
D:6:      lemuel_ice_spiral_2, layout_basic, mainiacjoe_overflow_boulevard
D:7:      nicolae_whirlpool, layout_rooms, minmay_misc_feat_secret_circle,
          grunt_livestock, kennysheep_flooded_box,
          amcnicky_mini_corridor_feature, hex_tiny, amethyst_killhole,
          chequers_serial_rivers_room_b, minivault_1
D:8:      layout_basic
Lair:1:   kb_forest_paths, layout_cave_pods, serial_bayou_shore_a

Skill      XL: |  1  2  3  4  5  6  7  8  9 |
---------------+----------------------------+-----
Fighting       | 4 5 6 8 9 |  9.2
Axes           | 4 5 6 7 9 |  9.1
Armour         | 3 4 5 6 7 8 |  8.7
Dodging        | 3 4 5 6 7 |  7.9

Action                   |  1- 3 |  4- 6 |  7- 9 || total
-------------------------+-------+-------+-------++-------
Melee: Hand axe          |    47 |   125 |   235 ||   407
       Headbutt          |     7 |    11 |    38 ||    56
       Punch             |       |     3 |       ||     3
Throw: Dart              |       |     1 |       ||     1
Invok: Berserk           |     2 |     4 |     8 ||    14
Evoke: Wand              |       |     3 |    16 ||    19
  Use: Potion            |       |     1 |       ||     1
Armor: Animal skin       |     1 |       |       ||     1
       Plate armour      |    20 |    97 |   176 ||   293
Dodge: Dodged            |    12 |    44 |   145 ||   201
